 Dungeon Crawl Stone Soup version 0.27-a0-1528-g90fbb72469 (webtiles) character file.

Game seed: 14697927046661364854

4890 Froggeryz the Grappler (level 10, -1/81 HPs)
             Began as a Grey Draconian Berserker on July 11, 2021.
             Was a High Priest of Trog.
             Slain by a skeletal warrior (15 damage)
             ... led by a skeletal warrior
             ... on level 8 of the Dungeon.
             The game lasted 00:08:37 (9541 turns).

Froggeryz the Grappler (Grey Draconian Berserker)   Turns: 9541, Time: 00:08:38

Health: -1/81      AC: 15    Str: 21    XL:     10   Next: 26%
Magic:  0/10       EV: 15    Int:  7    God:    Trog [*****.]
Gold:   327        SH:  0    Dex: 13    Spells: 9/9 levels left

rFire    . . .     SeeInvis .     - Unarmed
rCold    . . .     Faith    .   (no shield)
rNeg     . . .     Spirit   +   (armour unavailable)
rPois    .         Reflect  .   (helmet restricted)
rElec    .         Harm     .   n - +0 cloak
rCorr    .         Rampage  .   (no gloves)
Will     .....                  s - +1 pair of boots
Stlth    +.........             b - amulet of guardian spirit
HPRegen  0.23/turn              (no ring)
MPRegen  0.12/turn              (no ring)

@: on berserk cooldown, slowed, very slow
A: AC +12, amphibious, unfitting armour, cold-blooded
a: Renounce Religion, Berserk, Trog's Hand, Brothers in Arms


You were on level 8 of the Dungeon.
You worshipped Trog.
Trog was extremely pleased with you.
You visited 1 branch of the dungeon, and saw 8 of its levels.
You also visited: Sewer.

You collected 454 gold pieces.
You spent 127 gold pieces at shops.

Inventory:

Missiles
 h - 24 poisoned darts (quivered)
 l - 7 boomerangs
Armour
 n - a +0 cloak (worn)
 s - a +1 pair of boots (worn)
Jewellery
 b - an amulet of guardian spirit (around neck)
Wands
 p - a wand of paralysis (11)
 u - a wand of mindburst (14)
Scrolls
 c - 2 scrolls of enchant armour
 f - 3 scrolls of fog
 i - 5 scrolls of teleportation
 k - 2 scrolls of enchant weapon
 o - 2 scrolls of identify
 q - a scroll of brand weapon
 v - a scroll of blinking {unknown}
Potions
 a - 2 potions of haste
 d - 8 potions of flight
 e - a potion of might {unknown}
 g - 8 potions of curing
 j - 3 potions of heal wounds
 m - a potion of magic {unknown}
 r - a potion of resistance {unknown}
 t - 4 potions of attraction {unknown}


   Skills:
 - Level 5.1 Fighting
 - Level 3.0 Throwing
 + Level 7.0 Dodging
 * Level 12.4 Unarmed Combat


You had 9 spell levels left.
You didn't know any spells.
Your spell library was empty.

Dungeon Overview and Level Annotations

Branches:
Dungeon (8/15)             Temple (0/1) D:5           Sewer (visited)
   Lair: D:8-11

Altars:
Cheibriados
Elyvilon
Fedhas
Kikubaaqudgha
Trog
Vehumet
Xom
Zin

Shops:
D:5 :[*


Innate Abilities, Weirdness & Mutations

Your dull iron-grey scales are very hard. (AC +12)
You are amphibious.
You cannot fit into any form of body armour.
You are cold-blooded and may be slowed by cold attacks.


Message History

You are too injured to fight recklessly!
You are too injured to fight recklessly!
You hit the skeletal warrior.
The skeletal warrior is lightly damaged.
You punch the skeletal warrior!
The skeletal warrior is moderately damaged.
The skeletal warrior hits you but does no damage.
You hit the skeletal warrior.
The skeletal warrior is moderately damaged.
You closely miss the skeletal warrior.
You tail-slap the skeletal warrior, but do no damage.
The skeletal warrior is moderately damaged.
The skeletal warrior hits you with a +3 trident!
* * * LOW HITPOINT WARNING * * *
You barely miss the skeletal warrior.
The skeletal warrior is moderately damaged.
You punch the skeletal warrior!
You tail-slap the skeletal warrior, but do no damage.
The skeletal warrior is heavily damaged.
The skeletal warrior hits you but does no damage.
You punch the skeletal warrior!
The skeletal warrior is severely damaged.
The skeletal warrior hits you with a +3 trident.
* * * LOW HITPOINT WARNING * * *
You barely miss the skeletal warrior.
The skeletal warrior is severely damaged.
You punch the skeletal warrior! You tail-slap the skeletal warrior.
The skeletal warrior is almost destroyed.
You are no longer berserk.
You are exhausted.
You feel yourself slow down.
The skeletal warrior closely misses you.
You hit the skeletal warrior but do no damage.
The skeletal warrior is almost destroyed.
The skeletal warrior hits you with a +3 trident!
* * * LOW HITPOINT WARNING * * *
You hit the skeletal warrior but do no damage.
The skeletal warrior is severely damaged.
The skeletal warrior hits you with a +3 trident!
You die...

#.# #.# ... #/# #.#
#.#
############.######.#
#............@z.....#
#.#####).....########
## #[# #.######
.###.# #.# .....# #.#
.##### #.# .# #.# .#
#.# .# #.#


You could see a skeletal warrior.

Vanquished Creatures
  3 skeletal warriors (D:8)
  A wyvern (D:7)
  6 yaks (D:8)
  A steam dragon (D:8)
  Edmund (D:6)
  2 water moccasins
  A black bear (D:7)
  A necrophage (D:6)
  An ogre (D:7)
  A phantom (D:7)
  A wyvern zombie (D:3)
  3 scorpions
  A water moccasin zombie (D:6)
  A wyvern skeleton (D:7)
  9 wights
  2 howler monkeys
  A centaur zombie (D:8)
  A bullfrog zombie (D:6)
  A bullfrog skeleton (D:5)
  4 hounds
  2 iguanas
  3 orc wizards
  2 killer bee zombies
  A hound zombie (D:5)
  A howler monkey zombie (D:5)
  4 gnolls (D:5)
  5 adders
  7 river rats (Sewer)
  2 ufetubi (D:7)
  An adder skeleton (D:4)
  A worm (D:3)
  5 dart slugs
  11 orcs
  8 endoplasms
  7 giant cockroaches
  7 goblins
  7 hobgoblins
  6 jackals
  25 kobolds
  6 quokkas
  12 ball pythons
  8 bats
  4 frilled lizards
  21 rats
198 creatures vanquished.

Vanquished Creatures (others)
  10 fungi (D:8)
  43 plants
53 creatures vanquished.

Grand Total: 251 creatures vanquished

Notes
Turn   | Place    | Note
-------+----------+-------------------------------------------
     0 | D:1      | Froggeryz the Draconian Berserker began the quest for the
                  | Orb.
     0 | D:1      | Reached XP level 1. HP: 19/19 MP: 1/1
   449 | D:1      | Reached XP level 2. HP: 21/26 MP: 2/2
   609 | D:1      | Reached ** piety under Trog
   869 | D:1      | Reached XP level 3. HP: 31/31 MP: 3/3
   983 | D:1      | Reached skill level 4 in Unarmed Combat
  1767 | D:2      | Reached XP level 4. HP: 17/38 MP: 4/4
  2204 | D:2      | Found a snail-covered altar of Cheibriados.
  2481 | D:2      | Found a faded altar of an unknown god.
  2781 | D:3      | Reached skill level 1 in Throwing
  2787 | D:3      | Reached skill level 5 in Unarmed Combat
  2787 | D:3      | Reached XP level 5. HP: 33/45 MP: 5/5
  3176 | D:3      | Found a shimmering altar of Xom.
  3552 | D:3      | Reached *** piety under Trog
  3914 | D:4      | Reached XP level 6. HP: 47/51 MP: 6/6
  4031 | D:4      | Reached skill level 6 in Unarmed Combat
  4159 | D:4      | Found a glowing drain.
  4176 | Sewer    | Entered a sewer
  4756 | Sewer    | Reached **** piety under Trog
  5747 | D:5      | Entered Level 5 of the Dungeon
  5761 | D:5      | Found Hafram's Armour Shoppe.
  5768 | D:5      | Bought a +0 cloak for 67 gold pieces
  5815 | D:5      | Found a bloodstained altar of Trog.
  5825 | D:5      | Your scales start taking on a dull iron-grey colour.
  5825 | D:5      | Reached XP level 7. HP: 56/57 MP: 7/7
  5859 | D:5      | Found a glowing silver altar of Zin.
  5922 | D:5      | Reached skill level 7 in Unarmed Combat
  6429 | D:5      | Found a staircase to the Ecumenical Temple.
  6430 | D:5      | Found Yto Hawa's General Store.
  6467 | D:5      | Bought 2 scrolls of identify for 60 gold pieces
  6602 | D:5      | Reached skill level 8 in Unarmed Combat
  6701 | D:5      | Found Keaxkatu's Book Shop.
  6884 | D:6      | Reached XP level 8. HP: 66/67 MP: 8/8
  7017 | D:6      | Reached skill level 5 in Fighting
  7396 | D:6      | Noticed Edmund
  7408 | D:6      | Killed Edmund
  7412 | D:6      | Reached skill level 9 in Unarmed Combat
  7519 | D:6      | Found an ancient bone altar of Kikubaaqudgha.
  8010 | D:7      | Reached skill level 10 in Unarmed Combat
  8102 | D:7      | Reached ***** piety under Trog
  8103 | D:7      | Reached XP level 9. HP: 74/74 MP: 9/9
  8391 | D:7      | Reached skill level 5 in Dodging
  8462 | D:7      | Found a white marble altar of Elyvilon.
  8475 | D:7      | Found a radiant altar of Vehumet.
  8593 | D:8      | Noticed a skeletal warrior
  8601 | D:8      | Noticed a skeletal warrior
  8606 | D:8      | Killed a skeletal warrior
  8607 | D:8      | Reached skill level 11 in Unarmed Combat
  8607 | D:8      | Noticed a skeletal warrior
  8986 | D:8      | Noticed a skeletal warrior
  9029 | D:8      | Killed a skeletal warrior
  9122 | D:8      | Reached XP level 10. HP: 81/81 MP: 8/10
  9126 | D:8      | Reached skill level 12 in Unarmed Combat
  9255 | D:8      | Found a blossoming altar of Fedhas.
  9259 | D:8      | Identified the +0 leather armour of Inevitability {rCorr
                  | Str+2 Int+2}
  9274 | D:8      | Killed a skeletal warrior
  9541 | D:8      | Slain by a skeletal warrior

Illustrated notes

Levels and vault maps discovered:
D:1:      minmay_arrival_arboretum_large, layout_loops_ring, minmay_pentomino_o4
D:2:      layout_loops_corners, shapermc_ecumenical_altar_ellora, basic_altar,
          grunt_ministairs_11, hangedman_decor_peaks_small
D:3:      layout_loops_ring, old_standard_altar, serial_aquarium,
          aquarium_bridge_straight [aquarium_subvault_bridge,
          aquarium_subvault_window, aquarium_subvault_bridge,
          aquarium_subvault_window], aquarium_bridge_island_small
          [aquarium_subvault_small_open, aquarium_subvault_bridge,
          aquarium_subvault_wall, aquarium_subvault_balcony,
          aquarium_subvault_bridge], aquarium_window_fake, aquarium_window_fake,
          aquarium_view_4, aquarium_pool_double, serial_bayou_lake_a
D:4:      layout_basic, serial_bayou, serial_bayou_pond_b, serial_bayou_pond_a,
          serial_bayou_lagoon_b, serial_bayou_pond_d, gup_sewer_entry_pipe,
          minmay_stone_trees_small
D:5:      layout_loops_ring, kennysheep_little_box,
          mainiacjoe_overflow_alcove_4, minmay_temple_entry_overgrown,
          serial_shops, shop, shop, nicolae_shop_waterfront
D:6:      layout_loops_ring, marbit_many_paths, uniq_edmund
D:7:      layout_rooms, mainiacjoe_overflow_catwalk_spiral, serial_rivers,
          chequers_serial_rivers_micro_e, chequers_serial_rivers_marsh,
          chequers_serial_rivers_micro_b, chequers_serial_rivers_small_3,
          chequers_serial_rivers_micro_d
D:8:      layout_loops_ring, fedhas_altar_3, uniq_psyche

Skill      XL: |  1  2  3  4  5  6  7  8  9 10 |
---------------+-------------------------------+-----
Dodging        | 3 4 6 7 |  7.0
Unarmed Combat | 4 5 6 8 10 11 12 | 12.4
Throwing       | 1 2 3 |  3.0
Fighting       | 4 5 |  5.1

Action                   |  1- 3 |  4- 6 |  7- 9 | 10-12 || total
-------------------------+-------+-------+-------+-------++-------
Melee: Unarmed           |   129 |   313 |   228 |    48 ||   718
       Tailslap          |    12 |    37 |    34 |    10 ||    93
       Punch             |       |     6 |    13 |     4 ||    23
Throw: Dart              |       |     3 |     5 |       ||     8
Invok: Berserk           |     2 |     4 |     8 |     2 ||    16
Evoke: Wand              |       |       |     1 |       ||     1
  Use: Scroll            |       |    12 |     2 |       ||    14
 Stab: Sleeping          |     1 |     2 |     1 |       ||     4
Armor: Skin              |    51 |    85 |    72 |    10 ||   218
Dodge: Dodged            |    84 |   187 |   107 |    14 ||   392

Table legend: (Time is in decaauts)
 A = Elapsed time spent in this place.
 B = Non-inter-level travel time spent in this place.
 C = Inter-level travel time spent in this place.
 D = Time resting spent in this place.
 E = Time spent auto-exploring this place.
 F = Levels seen in this place.
 G = Mean time per level.
                   A        B        C        D        E       F      G
               +--------+--------+--------+--------+--------+-----+--------+
         Total |   9663 |   9482 |    181 |   1473 |   6433 |   9 | 1073.7 |
       Dungeon |   8325 |   8144 |    181 |   1259 |   5586 |   8 | 1040.6 |
         Sewer |   1337 |   1337 |      0 |    214 |    847 |   1 | 1337.0 |
               +--------+--------+--------+--------+--------+-----+--------+

Top non-repeatable levels by time:
     D:1: 1368 daAuts
   Sewer: 1337 daAuts
     D:3: 1259 daAuts
     D:2: 1205 daAuts
     D:5: 1110 daAuts
     D:6: 1069 daAuts
     D:7: 838 daAuts
     D:8: 799 daAuts
     D:4: 676 daAuts
